 Dungeon Crawl Stone Soup version 0.31-a0-313-g785cd24033 (webtiles) character file.

Game seed: 11862435486243362267

11 AdnanSaban the Trooper (level 2, -1/19 HPs)
             Began as a Gargoyle Fighter on July 17, 2023.
             Slain by Terence
             ... wielding a +1 hand axe of freezing
              (3 damage)
             ... on level 1 of the Dungeon.
             The game lasted 00:00:36 (276 turns).

AdnanSaban the Trooper (Gargoyle Fighter)            Turns: 276, Time: 00:00:36

Health: -1/19      AC:  9    Str: 19    XL:     2   Next: 25%
Magic:  2/2        EV:  9    Int:  8    God:
Gold:   32         SH:  4    Dex:  9    Spells: 1/1 levels left

rFire   . . .        a - +0 flail
rCold   . . .        c - +0 buckler
rNeg    + . .        b - +0 scale mail
rPois   ∞            (no helmet)
rElec   +            (no cloak)
rCorr   .            (no gloves)
SInv    .            (no boots)
Will    .....        (no amulet) Stlth
                     (no ring)
HPRegen 0.23/turn    (no ring)
MPRegen 0.08/turn

%: no passive effects
@: no status effects
A: sickness immunity, AC +2, negative energy resistance 1, electricity
resistance, torment resistance 1, petrification resistance
a: no special abilities


You were on level 1 of the Dungeon.
You visited 1 branch of the dungeon, and saw 2 of its levels.

You collected 32 gold pieces.

Inventory:

Hand Weapons
 a - a +0 flail (weapon)
Armour
 b - a +0 scale mail (worn)
 c - a +0 buckler (worn)
Jewellery
 e - a +6 ring of intelligence
 h - an amulet of magic regeneration
Scrolls
 f - a scroll of teleportation {unknown}
Potions
 d - a potion of might
 g - a potion of heal wounds {unknown}


   Skills:
 + Level 3.5 Fighting
 + Level 2.1 Maces & Flails
 + Level 3.4 Armour
 + Level 3.4 Shields


You had one spell level left.
You didn't know any spells.
Your spell library was empty.

Dungeon Overview and Level Annotations

Branches:
Dungeon (2/15)

Altars:

Annotations:
D:1 Terence


Innate Abilities, Weirdness & Mutations

You are immune to sickness and miasma.
Your stone body is resilient. (AC +2)
You are immune to poison.
You resist negative energy. (rN+)
You are resistant to electric shocks. (rElec)
You are resistant to unholy torment.
You are immune to petrification.


Message History

No target in view!
You see here a +0 club.
Found a stone staircase leading up.
Terence the Incautious comes into view.
He is wielding a +1 hand axe of freezing and wearing a +4 scale mail of poison resistance.
Terence shouts!
A bat comes into view.
Terence hits you with a +1 hand axe of freezing.
Terence freezes you.
There is a stone staircase leading up here.
The bat barely misses you. x2; Terence completely misses you.
You climb upwards.
There is a stone staircase leading down here.
You barely miss Terence. The bat hits you but does no damage.
The bat closely misses you. The bat misses you. Terence barely misses you.
You hit Terence but do no damage. You block the bat's attack.
Terence hits you but does no damage.
You barely miss Terence. The bat hits you but does no damage. x2
Terence hits you but does no damage. Terence barely misses you.
You thump Terence!
Terence is heavily wounded.
The bat hits you but does no damage. x2; Terence barely misses you.
The bat hits you but does no damage.
You hit Terence.
Terence is severely wounded.
You block the bat's attack.
Terence hits you with a +1 hand axe of freezing.
Terence freezes you.
You hit Terence but do no damage.
Terence is severely wounded.
The bat hits you but does no damage. x2; Terence misses you.
Terence hits you with a +1 hand axe of freezing.
* * * LOW HITPOINT WARNING * * *
Terence freezes you.
* * * LOW HITPOINT WARNING * * *
The bat barely misses you.
You barely miss Terence.
Terence is severely wounded.
The bat closely misses you.
Terence hits you with a +1 hand axe of freezing.
You die...

##..........
#...........
###########†##########
#...........#.........
#........###########..
#.......## ###
#.......# #....@.(#
####### #....@.b#
#.....# #######.##
#.....# #..## #...[..
####..########.##.
##.....##.....#.###
#...............##.
#.............†..##.
#...................
#..............[.##.


You could see Terence and a bat.

Vanquished Creatures
  A ball python (D:1)
  A bat (D:1)
  2 endoplasms
  A goblin (D:1)
  2 kobolds (D:2)
  A frilled lizard (D:1)
  A rat (D:1)
9 creatures vanquished.

Notes
Turn   | Place    | Note
-------+----------+-------------------------------------------
     0 | D:1      | AdnanSaban the Gargoyle Fighter began the quest for the
                  | Orb.
     0 | D:1      | Reached XP level 1. HP: 14/14 MP: 1/1
   149 | D:1      | Reached XP level 2. HP: 19/19 MP: 2/2
   170 | D:1      | You fall into a shaft and drop 1 floor!
   264 | D:2      | Noticed Terence
   276 | D:1      | Slain by Terence

Illustrated notes

Levels and vault maps discovered:
D:1:      reono_arrival_forest_river, layout_rooms
D:2:      layout_loops_corners, minmay_crystal_water, uniq_terence

Action                     || total
---------------------------++-------
  Melee: Flail             ||    26
 Armour: Scale mail        ||    20
  Dodge: Dodged            ||    19
  Block: Buckler           ||     4

Table legend: (Time is in decaauts)
 A = Elapsed time spent in this place.
 B = Non-inter-level travel time spent in this place.
 C = Inter-level travel time spent in this place.
 D = Time resting spent in this place.
 E = Time spent auto-exploring this place.
 F = Levels seen in this place.
 G = Mean time per level.
                   A        B        C        D        E       F      G
               +--------+--------+--------+--------+--------+-----+--------+
         Total |    287 |    287 |      0 |      0 |    203 |   2 |  143.5 |
       Dungeon |    287 |    287 |      0 |      0 |    203 |   2 |  143.5 |
               +--------+--------+--------+--------+--------+-----+--------+

Top non-repeatable levels by time:
     D:1: 185 daAuts
     D:2: 101 daAuts
